 Dungeon Crawl Stone Soup version 0.32-a0-306-gfed3edf829 (webtiles) character file.

Game seed: 1229704736086261806

90 HC7 the Magician (level 4, -1/39 HPs)
             Began as a Troll Hedge Wizard on Feb 15, 2024.
             Slain by an orc
             ... wielding a +0 falchion
              (5 damage)
             ... on level 4 of the Dungeon.
             The game lasted 00:10:38 (2024 turns).

HC7 the Magician (Troll Hedge Wizard)               Turns: 2024, Time: 00:10:38

Health: -1/39      AC:  4    Str: 18    XL:     4   Next: 32%
Magic:  6/6        EV: 10    Int: 10    God:
Gold:   168        SH:  5    Dex: 11    Spells: 6/7 levels left

rFire   . .          .
                       - Unarmed
rCold   . . .        (no shield)
rNeg    . . .        b - +0 robe
rPois   .            c - melded +0 hat
rElec   .            (cloak currently unavailable)
rCorr   .            (gloves unavailable)
SInv    .            (boots unavailable)
Will    .....        h - amulet of reflection
Stlth   ++           (no ring)
HPRegen 1.06/turn    (no ring)
MPRegen 0.10/turn

%: reflection
@: lethally poisoned (-1 -> -1), beast-form
A: beast (slay +0), large, unfitting armour, claws 3, regeneration 1, shaggy fur
1, tough skin 1
a: Begin Untransformation


You were on level 4 of the Dungeon.
You were a hulking beast.
You visited 1 branch of the dungeon, and saw 4 of its levels.

You collected 168 gold pieces.

Inventory:

Hand Weapons
 a - a +0 dagger
Missiles
 f - 5 poisoned darts
Armour
 b - a +0 robe (worn)
 c - a +0 hat (melded)
Jewellery
 h - an amulet of reflection (around neck)
Talismans
 k - a beast talisman (active)
Potions
 d - a potion of magic
 e - 2 potions of curing
 g - a potion of haste
 i - a potion of mutation
 j - a potion of degeneration
 l - a potion of berserk rage {unknown}


   Skills:
 + Level 1.1 Short Blades
 + Level 1.9 Dodging
 * Level 1.4 Stealth
 + Level 1.2 Unarmed Combat
 + Level 2.4 Spellcasting
 + Level 0.6 Conjurations
 + Level 0.6 Summonings
 + Level 0.6 Translocations
 * Level 0.8 Shapeshifting


You had 6 spell levels left.
You knew the following spells:

 Your Spells              Type           Power      Damage    Failure   Level
a - Magic Dart            Conj           8%         1d3       24%         1

Your spell library contained the following spells:

 Spells                   Type           Power      Damage    Failure   Level
 Sandblast                Erth           2%         2d4       30%         1
 Slow                     Hex            4%         N/A       30%         1
 Blink                    Tloc           4%         N/A       34%         2
 Call Imp                 Summ           4%         N/A       34%         2
 Searing Ray              Conj           4%         2d4       34%         2
 Cigotuvi's Dreadful Rot  Necr/Alch/Air  2%         N/A       41%         2
 Mephitic Cloud           Conj/Alch/Air  1%         N/A       63%         3
 Stone Arrow              Conj/Erth      2%         3d7       63%         3
 Passwall                 Erth           1%         N/A       65%         3
 Brom's Barrelling Bould  Conj/Erth      1%         2d3       95%         4
 Fulminant Prism          Conj/Alch      0%         3d5       95%         4


Dungeon Overview and Level Annotations

Branches:
Dungeon (3/15)

Altars:
Dithmenos


Innate Abilities, Weirdness & Mutations

You are a hulking beast.
Your limbs bulge with bestial killing power. (Slay +0)
You are too large for most types of armour.
You have claws for hands.
Your natural rate of healing is unusually fast.
You are covered in fur. (AC +1)
You have tough skin. (AC +1)


Message History

You scratch the orc but do no damage. The adder closely misses you.
You block the orc's attack.
You closely miss the orc. The adder closely misses you.
The orc hits you with a +0 falchion. The adder closely misses you.
You scratch the orc.
The orc is moderately wounded.
You block the adder's attack. The orc hits you but does no damage.
You closely miss the orc. You claw the orc, but do no damage.
The orc is moderately wounded.
You block the adder's attack. The orc hits you with a +0 falchion.
You closely miss the orc.
The orc is moderately wounded.
The adder bites you. The orc hits you with a +0 falchion.
You closely miss the orc.
The orc is moderately wounded.
The adder closely misses you. The orc hits you with a +0 falchion.
The adder bites you. The adder bites you. The orc attacks as it pursues you!
The orc hits you but does no damage. The adder attacks as it pursues you!
The adder bites you but does no damage. The orc attacks as it pursues you!
The orc barely misses you.
You barely miss the adder. You block the adder's attack.
The orc hits you with a +0 falchion.
You scratch the adder.
The adder is lightly wounded.
The adder bites you.
You are poisoned.
The adder poisons you! The adder bites you.
You are more poisoned.
The adder poisons you! The orc misses you.
You feel very sick. The adder attacks as it pursues you! The adder bites you.
* * * LOW HITPOINT WARNING * * *
The orc cheers loudly.
You aren't carrying any scrolls.
You feel sick. The adder barely misses you.
You feel sick.
You feel sick. The adder bites you but does no damage.
The orc attacks as it pursues you! The orc hits you with a +0 falchion.
You die...

...##.. ..##
....#..#...#
................#
....#..........# ##
...##......# .##
...#......### ..#
##.....#.#...###
.(###......#...S.#.#
..............#oh<.###
............####.....#
..............#....###
..................##
......)...........#
..................#
..................##
#...................#
##....##....#.....###


You could see an adder and an orc.

Vanquished Creatures
  2 adders (D:2)
  2 dart slugs
  3 ball pythons
  2 bats
  2 endoplasms
  3 giant cockroaches
  5 goblins
  6 hobgoblins
  5 kobolds
  3 quokkas
  2 frilled lizards
  3 rats
38 creatures vanquished.

Notes
Turn   | Place    | Note
-------+----------+-------------------------------------------
     0 | D:1      | HC7 the Troll Hedge Wizard began the quest for the Orb.
     0 | D:1      | Reached XP level 1. HP: 16/16 MP: 2/2
   189 | D:1      | Reached XP level 2. HP: 24/24 MP: 4/4
   924 | D:2      | Reached XP level 3. HP: 31/31 MP: 5/5
   988 | D:2      | Reached skill level 1 in Short Blades
  1263 | D:2      | Reached skill level 1 in Unarmed Combat
  1506 | D:2      | Reached XP level 4. HP: 34/39 MP: 6/6
  1914 | D:3      | You fall into a shaft and drop 1 floor!
  1914 | D:4      | Found a shadowy altar of Dithmenos.
  2024 | D:4      | Slain by an orc

Illustrated notes

Levels and vault maps discovered:
D:1:      minmay_arrival_stone_box, layout_basic, serial_curves, eino_curves_02,
          eino_curves_03, minmay_vboxes
D:2:      layout_basic, minmay_misc_feat_nine_boxes
D:3:      layout_rooms, marbit_many_paths, okawaru_altar_gauntlet_db,
          cheibrodos_sewer_entry_sluice, uniq_jessica
D:4:      layout_cave_pools, dancing_weapons_uskayaw,
          mainiacjoe_overflow_chevrons, roderic_batcave

Skill      XL: |  1  2  3 |
---------------+----------+-----
Short Blades   | 1 |  1.1
Unarmed Combat | 1 |  1.2
Dodging        | |  1.9
Stealth        | |  1.4
Spellcasting   | |  2.4
Conjurations   | |  0.6
Summonings     | |  0.6
Translocations | |  0.6
Shapeshifting  | |  0.8

Action                     |  1- 3 |  4- 6 || total
---------------------------+-------+-------++-------
  Melee: Dagger            |    22 |       ||    22
         Unarmed           |    68 |    33 ||   101
         Punch             |       |     1 ||     1
    Use: Scroll            |     6 |       ||     6
   Stab: Sleeping          |     3 |       ||     3
 Armour: Robe              |    45 |    30 ||    75
  Dodge: Dodged            |    32 |    19 ||    51
  Block: Other             |     2 |    10 ||    12
   Form: Beast             |     1 |       ||     1

Table legend: (Time is in decaauts)
 A = Elapsed time spent in this place.
 B = Non-inter-level travel time spent in this place.
 C = Inter-level travel time spent in this place.
 D = Time resting spent in this place.
 E = Time spent auto-exploring this place.
 F = Levels seen in this place.
 G = Mean time per level.
                   A        B        C        D        E       F      G
               +--------+--------+--------+--------+--------+-----+--------+
         Total |   2022 |   1785 |    237 |      0 |   1239 |   4 |  505.5 |
       Dungeon |   2022 |   1785 |    237 |      0 |   1239 |   4 |  505.5 |
               +--------+--------+--------+--------+--------+-----+--------+

Top non-repeatable levels by time:
     D:2: 949 daAuts
     D:1: 919 daAuts
     D:4: 108 daAuts
     D:3: 43 daAuts
